 Dungeon Crawl Stone Soup version 0.31-a0-14-gc80a10f4b6 (webtiles) character file.

Game seed: 2994972507581629154

570170 Irreverend the Conqueror (level 25, 0/257 HPs)
             Began as a Minotaur Fighter on Jan 26, 2023.
             Was a High Priest of Okawaru.
             Killed from afar by an orb of fire (57 damage)
             ... with a fireball
             ... on level 4 of the Realm of Zot on May 8, 2023.
             The game lasted 04:50:40 (64463 turns).

Irreverend the Conqueror (Minotaur Fighter)        Turns: 64463, Time: 04:50:40

Health: 0/257      AC: 48    Str: 41    XL:     25   Next: 61%
Magic:  33/33      EV: 12    Int: 24    God:    Okawaru [*****.]
Gold:   3126       SH: 30    Dex: 15    Spells: 24/24 levels left

rFire   + . .        l - +2 broad axe of Xoclaom {spect, Will+ Int+6 SInv}
rCold   . . .        E - +5 tower shield {AC+3}
rNeg    + + .        S - +5 plate armour of the Heavens {rPois Regen+ Dex+3}
rPois   +            X - +1 hat of the Narrow God {Will- rCorr Str+6 Int+3}
rElec   .            z - +4 dragonskin cloak
rCorr   +            N - +2 pair of gloves of Pathos {rN++ Regen+}
SInv    +            p - +5 pair of boots of Context {Str+4 Int+3}
Will    ++...        I - amulet "Weyjifeff" {RegenMP Drain rPois Will+ Int+7} Stlth
                     P - ring "Tesarel" {AC+4 Slay+2}
HPRegen 2.22/turn    T - ring of protection from fire
MPRegen 0.63/turn

%: no passive effects
@: heroic, studying Polearms, unable to drink
A: horns 2, retaliatory headbutt, deformed body, mutation resistance 1, shaggy
fur 1, no potion heal 1, inability to drink after injury 1
}: 3/15 runes: barnacled, silver, gossamer
a: Renounce Religion, Heroism, Finesse, Duel


You were on level 4 of the Realm of Zot.
You worshipped Okawaru.
Okawaru was extremely pleased with you.
You visited 10 branches of the dungeon, and saw 48 of its levels.
You visited 1 bazaar.
You also visited: Ossuary, Bailey, Gauntlet, Ice Cave and Wizlab.

You collected 8016 gold pieces.
You spent 4890 gold pieces at shops.

Inventory:

Hand Weapons
 h - the +13 scythe of Curses {drain, curses, Drain}
   (You took it off a frost giant on level 3 of the Depths)

   Drain:     It drains your maximum health when unequipped.
 l - the +2 broad axe of Xoclaom (weapon) {spect, Will+ Int+6 SInv}
   (You acquired it in a Gauntlet)

   Int:       It affects your intelligence (+6).
   SInv:      It lets you see invisible.
   Will:      It increases your willpower.
 G - a +5 broad axe of protection
Missiles
 b - 2 javelins
 o - a throwing net
 L - 3 atropa-tipped darts
Armour
 p - the +5 pair of boots of Context (worn) {Str+4 Int+3}
   (Okawaru gifted it to you in a wizard's laboratory)

   Str:       It affects your strength (+4).
   Int:       It affects your intelligence (+3).
 z - the +4 dragonskin cloak (worn)
   (You took it off Tiamat on level 1 of the Realm of Zot)

   Avatar's Aegis: It grants the wearer a chance to resist fire, cold, poison,
   electricity, acid, and negative energy.
 E - a +5 tower shield of protection (worn)
 N - the +2 pair of gloves of Pathos (worn) {rN++ Regen+}
   (You acquired it on level 2 of the Lair of Beasts)

   rN:        It greatly protects you from negative energy.
   Regen:     It increases your rate of health regeneration.
 S - the +5 plate armour of the Heavens (worn) {rPois Regen+ Dex+3}
   (Okawaru gifted it to you on level 5 of the Lair of Beasts)

   Dex:       It affects your dexterity (+3).
   rPois:     It protects you from poison.
   Regen:     It increases your rate of health regeneration.
 U - the +1 pair of boots "Xyzumif" {-Tele Fly rPois Str+4}
   (Okawaru gifted it to you on level 1 of the Spider Nest)

   Str:       It affects your strength (+4).
   rPois:     It protects you from poison.
   Fly:       It grants you flight.
   -Tele:     It prevents most forms of teleportation.
 X - the +1 hat of the Narrow God (worn) {Will- rCorr Str+6 Int+3}
   (Okawaru gifted it to you on level 1 of the Vaults)

   Str:       It affects your strength (+6).
   Int:       It affects your intelligence (+3).
   rCorr:     It protects you from acid and corrosion.
   Will:      It decreases your willpower.
Jewellery
 d - a +6 ring of strength
 F - a +4 ring of protection
 H - an amulet of reflection
 I - the amulet "Weyjifeff" (around neck) {RegenMP Drain rPois Will+ Int+7}
   (You found it in an ice cave)

   [amulet of magic regeneration]

   It increases your rate of magic regeneration.
   Int:       It affects your intelligence (+7).
   rPois:     It protects you from poison.
   Drain:     It drains your maximum health when unequipped.
   Will:      It increases your willpower.
 J - a ring of willpower
 K - a ring of protection from cold
 M - an amulet of regeneration
 P - the ring "Tesarel" (left hand) {AC+4 Slay+2}
   (You bought it in a shop on level 4 of the Depths)

   [ring of protection]

   AC:        It affects your AC (+4).
   Slay:      It affects your accuracy & damage with ranged weapons and melee
   (+2).
 T - a ring of protection from fire (right hand)
 W - a ring of see invisible
Wands
 y - a wand of digging (16) (quivered)
Scrolls
 a - a scroll of enchant armour
 e - 18 scrolls of teleportation
 g - 6 scrolls of enchant weapon
 r - a scroll of silence
 s - 6 scrolls of fear
 t - 12 scrolls of poison
 u - 9 scrolls of fog
 x - 7 scrolls of magic mapping
Potions
 f - 2 potions of haste
 i - 5 potions of heal wounds
 j - 18 potions of brilliance
 k - 8 potions of flight
 m - 21 potions of curing
 n - 9 potions of cancellation
 v - 6 potions of berserk rage
 w - 8 potions of lignification
 A - 4 potions of ambrosia
 B - 9 potions of mutation
 C - 9 potions of might
 D - 8 potions of magic
 O - a potion of resistance
 R - 9 potions of attraction
 V - 8 potions of invisibility
Miscellaneous
 c - a phial of floods


   Skills:
 O Level 27 Fighting
 + Level 20.8(25.8) Axes
 + Level 20.2(25.2) Throwing
 + Level 26.8(27) Armour
 + Level 25.5(27) Shields
 - Level 14.8 Invocations


You had 24 spell levels left.
You didn't know any spells.
Your spell library contained the following spells:

 Spells                   Type           Power      Damage    Failure   Level
 Apportation              Tloc           0%         N/A       30%         1
 Beastly Appendage        Tmut           0%         N/A       30%         1
 Foxfire                  Conj/Fire      0%         2x1d4     30%         1
 Kiss of Death            Conj/Necr      0%         2d5       30%         1
 Magic Dart               Conj           0%         1d3       30%         1
 Necrotise                Necr           0%         1d4       30%         1
 Slow                     Hex            0%         N/A       30%         1
 Blink                    Tloc           0%         N/A       43%         2
 Cigotuvi's Dreadful Rot  Necr/Pois/Air  0%         N/A       43%         2
 Ensorcelled Hibernation  Hex/Ice        0%         N/A       43%         2
 Lesser Beckoning         Tloc           0%         N/A       43%         2
 Momentum Strike          Conj/Tloc      0%         3d8       43%         2
 Passwall                 Tmut/Erth      0%         N/A       43%         2
 Poisonous Vapours        Pois/Air       0%         N/A       43%         2
 Searing Ray              Conj           0%         2d4       43%         2
 Static Discharge         Conj/Air       0%         2-2/arc   43%         2
 Sublimation of Blood     Necr           0%         N/A       43%         2
 Wereblood                Tmut           0%         N/A       43%         2
 Confusing Touch          Hex            0%         N/A       67%         3
 Gell's Gravitas          Tloc           0%         N/A       67%         3
 Hailstorm                Conj/Ice       0%         3d3       67%         3
 Ignite Poison            Fire/Tmut/Pois 0%         N/A       67%         3
 Mephitic Cloud           Conj/Pois/Air  0%         N/A       67%         3
 Spider Form              Tmut/Pois      0%         N/A       67%         3
 Stone Arrow              Conj/Erth      0%         3d7       67%         3
 Swiftness                Air            0%         N/A       67%         3
 Teleport Other           Tloc           0%         N/A       67%         3
 Vampiric Draining        Necr           0%         2d6       67%         3
 Vhi's Electric Charge    Tloc/Air       0%         N/A       67%         3
 Volatile Blastmotes      Fire/Tloc      0%         2d10      67%         3
 Anguish                  Hex/Necr       0%         N/A       97%         4
 Dispel Undead            Necr           0%         3d6       97%         4
 Fulminant Prism          Conj/Hex       0%         3d5       97%         4
 Ice Form                 Ice/Tmut       0%         N/A       97%         4
 Iskenderun's Mystic Bla  Conj/Tloc      0%         2d3       97%         4
 Petrify                  Tmut/Erth      0%         N/A       97%         4
 Sticky Flame             Conj/Fire      0%         2d3       97%         4
 Agony                    Necr           0%         N/A       100%        5
 Alistair's Intoxication  Tmut/Pois      0%         N/A       100%        5
 Arcjolt                  Conj/Air       0%         1d10      100%        5
 Borgnjor's Vile Clutch   Necr/Erth      0%         N/A       100%        5
 Fireball                 Conj/Fire      0%         3d3       100%        5
 Freezing Cloud           Conj/Ice/Air   0%         6-21      100%        5
 Iskenderun's Battlesphe  Conj           0%         2d6       100%        5
 Lee's Rapid Deconstruct  Erth           0%         3d4*      100%        5
 Lightning Bolt           Conj/Air       0%         1d11      100%        5
 Metabolic Englaciation   Hex/Ice        0%         N/A       100%        5
 Conjure Ball Lightning   Conj/Air       0%         3x3d6     100%        6
 Dispersal                Tloc           0%         N/A       100%        6
 Eringya's Noxious Bog    Tmut/Pois      0%         N/A       100%        6
 Plasma Beam              Fire/Air       0%         2x1d11    100%        6
 Starburst                Conj/Fire      0%         6d3       100%        6
 Statue Form              Tmut/Erth      0%         N/A       100%        6
 Orb of Destruction       Conj           0%         9d5       100%        7
 Ozocubu's Refrigeration  Ice            0%         4d7       100%        7
 Borgnjor's Revivificati  Necr           0%         N/A       100%        8
 Discord                  Hex            0%         N/A       100%        8
 Disjunction              Tloc           0%         N/A       100%        8
 Ignition                 Fire           0%         3d3       100%        8
 Lehudib's Crystal Spear  Conj/Erth      0%         10d2      100%        8
 Maxwell's Capacitive Co  Air            0%         ∞         100%        8
 Necromutation            Tmut/Necr      0%         N/A       100%        8
 Death's Door             Necr           0%         N/A       100%        9
 Polar Vortex             Ice            0%         N/A       100%        9
 Summon Small Mammal      Summ           Unusable   N/A       N/A         1
 Call Canine Familiar     Summ           Unusable   N/A       N/A         3
 Summon Guardian Golem    Hex/Summ       Unusable   N/A       N/A         3
 Animate Armour           Summ/Erth      Unusable   N/A       N/A         4
 Summon Lightning Spire   Summ/Air       Unusable   N/A       N/A         4
 Summon Forest            Summ/Tloc      Unusable   N/A       N/A         5
 Death Channel            Necr           Unusable   N/A       N/A         6
 Simulacrum               Ice/Necr       Unusable   N/A       N/A         6
 Spellforged Servitor     Conj/Summ      Unusable   N/A       N/A         7
 Summon Hydra             Summ           Unusable   N/A       N/A         7
 Infestation              Necr           Unusable   N/A       N/A         8

Dungeon Overview and Level Annotations

Branches:
Dungeon (15/15)            Temple (1/1) D:5            Lair (5/5) D:8
 Shoals (4/4) Lair:3       Spider (4/4) Lair:3        Slime (0/5) Lair:4
    Orc (2/2) D:10            Elf (0/3) Orc:2        Vaults (5/5) D:13
  Crypt (3/3) Vaults:2       Tomb (0/3) Crypt:3      Depths (4/4) D:15
    Zot (5/5) Depths:4    Ossuary (visited)          Bailey (visited)
  IceCv (visited)          WizLab (visited)         Gauntlet (visited)

Altars:
Ashenzari
Cheibriados
Dithmenos
Elyvilon
Fedhas
Gozag
Hepliaklqana
Kikubaaqudgha
Makhleb
Nemelex Xobeh
Okawaru
Qazlal
Ru
Sif Muna
Trog
Uskayaw
Vehumet
Wu Jian
Xom
Yredelemnul
Zin
The Shining One
Jiyva

Shops:
D:4 *   D:5 =   D:7 [   Orc:2 =*([   Shoals:1 *   Shoals:2 :   Shoals:3 ?
Depths:2 !   Depths:4 =:=

Portals:
Hell: Depths:1 Depths:2 Depths:3 Depths:4
Abyss: Depths:1 Depths:3
Pandemonium: Depths:1 Depths:2
Ziggurat: Depths:1
Trove: D:14 (give +2 shadow dragon scales)

Annotations:
D:7 3 runed translucent doors, 1 exclusion, Heh's ghost, novice OpFi
D:8 2 transporters
D:9 exclusion: ice statue


Innate Abilities, Weirdness & Mutations

You have a pair of horns on your head.
You reflexively headbutt those who attack you in melee.
Armour fits poorly on your strangely shaped body.
You are somewhat resistant to further mutation.
You are covered in fur. (AC +1)
Potions are less effective at restoring your health.
You occasionally lose the ability to drink potions when taking damage.


Message History

There is a stone staircase leading up here.
Your resistance to elements expires.
You block the death cob's attack.
The orb of fire glows red.
The fireball explodes!
The fireball engulfs you!! You resist.
The fireball engulfs the orb of fire.
The orb of fire completely resists.
The fireball engulfs the orb of fire.
The orb of fire completely resists.
You climb upwards.
Your hands slow down.
There is a stone staircase leading down here.
You gain the combat prowess of a mighty hero.
The death cob hits you but does no damage.
You block the death cob's attack. x2
You miss the orb of fire. Your headbutt misses the orb of fire.
The orb of fire is lightly damaged.
You slice the death cob!!
Your +2 broad axe of Xoclaom {spect, Will+ Int+6 SInv} completely misses the orb of fire.
Your +2 broad axe of Xoclaom {spect, Will+ Int+6 SInv} hits the death cob!!!
Your +2 broad axe of Xoclaom {spect, Will+ Int+6 SInv} closely misses the death cob.
Your +2 broad axe of Xoclaom {spect, Will+ Int+6 SInv} completely misses the orb of fire.
The death cob hits your +2 broad axe of Xoclaom {spect, Will+ Int+6 SInv}!
Your spectral weapon shares its damage with you!
The death cob drains your +2 broad axe of Xoclaom {spect, Will+ Int+6 SInv}'s vigour!
Your +2 broad axe of Xoclaom {spect, Will+ Int+6 SInv} seems to slow down.
The orb of fire glows bright magenta.
The bolt of fire hits you!! You resist.
* * * LOW HITPOINT WARNING * * *
The death cob hits your +2 broad axe of Xoclaom {spect, Will+ Int+6 SInv} but does no damage.
You slice the death cob!!
You destroy the death cob!
Okawaru accepts your kill.
You miss the orb of fire.
Your +2 broad axe of Xoclaom {spect, Will+ Int+6 SInv} completely misses the orb of fire.
You carve the orb of fire like a ham!!!
The orb of fire is heavily damaged.
Your +2 broad axe of Xoclaom {spect, Will+ Int+6 SInv} hits the orb of fire!!
The orb of fire glows yellow.
The fireball explodes!
The fireball engulfs you!!! You resist.
You feel threatened and lose the ability to drink potions!
You die...

#...............##.....##...##..
###.#.......#..##.....##.....##.
#..#.###.###........##.......##
#..###...#.#..#...####....)..#.
##..##.#.#..#'#....###..<.)..##
#...##.#...##.##....###..#)#+#.
##.##....###...##...#.####..)##
#.......##...(.'......##.....#
###########.*@######..#.......
##(.##.##.......'.......
#...####..#<....#.......
#....###..###...##.....#
##.....###.......##..)##
#.^....##.....#.[######
###.....#....########..
###...###...#[#.##...
#.....##.##.#.'....


You could see an orb of fire and a friendly +2 broad axe of Xoclaom {spect,
Will+ Int+6 SInv} (slow).

Vanquished Creatures
  Tiamat (Zot:1)
  A dread lich (Vaults:5)
  2 ancient liches (Zot:5)
  An orb of fire (Zot:5)
  Mennas (Arena)
  Sojobo (Depths:2)
  Frederick (Vaults:5)
  Parghit (Zot:1)
  2 caustic shrikes (Depths:3)
  4 curse toes
  Saint Roka (Depths:2)
  Xtahua (Vaults:5)
  11 golden dragons
  Nikola (Spider:2)
  Jory (Crypt:3)
  A bone dragon (Depths:4)
  19 tentacled monstrosities
  Jorgrun (Spider:3)
  A walking crystal tome (Depths:3)
  9 Orb Guardians (Zot:5)
  4 liches
  2 electric golems
  A moon troll (WizLab)
  2 titans
  A kraken (Shoals:1)
  2 quicksilver dragons
  An ancient champion (Crypt:1)
  8 sphinxes
  9 death cobs
  6 tentacled starspawn (WizLab)
  8 tengu reavers
  Donald (Spider:3)
  5 shadow dragons
  6 revenants
  17 storm dragons
  4 draconian monks
  7 fire giants
  3 draconian knights
  6 frost giants
  6 ghost moths
  2 iron dragons (Vaults:5)
  16 vault wardens
  2 draconian scorchers
  Aizul (Depths:2)
  4 draconian shifters
  5 draconian stormcallers
  4 curse skulls
  Louise (Spider:3)
  A juggernaut zombie (Crypt:1)
  3 emperor scorpions
  5 ghouls
  3 cacodemons (WizLab)
  15 ironbound preservers
  18 stone giants
  2 broodmothers
  A spriggan defender (Depths:2)
  2 orc warlords
  17 vampire knights
  3 war gargoyles
  7 draconian annihilators
  14 dire elephants
  15 red draconians
  55 very ugly things
  7 green draconians
  2 deep elf demonologists
  5 ironbound thunderhulks
  2 spark wasps
  A deep elf annihilator (Vaults:5)
  12 yellow draconians
  9 white draconians
  A minotaur (Gauntlet)
  12 purple draconians
  The ghost of NinjaNoafa the Thaumaturge, a journeyman GrEE of Vehumet (Lair:2)
  17 black draconians
  2 deep elf death magi
  4 eidola
  2 entropy weavers
  8 ettins
  2 merfolk javelineers
  A quicksilver dragon zombie (Crypt:3)
  11 fire dragons
  3 crystal guardians
  Josephine (Orc:1)
  6 jiangshi (Crypt:3)
  12 merfolk impalers
  11 yaktaur captains
  11 great orbs of eyes
  4 deep elf high priests (Vaults:5)
  11 ice dragons
  38 vault guards
  9 ironbound frosthearts
  4 death knights
  6 hydras
  3 merfolk avatars
  4 catoblepae
  2 jorogumos
  2 peacekeepers
  2 ogre magi (Vaults:5)
  6 boulder beetles
  3 two-headed ogres
  An Orb Guardian skeleton (Crypt:2)
  An alligator snapping turtle (Shoals:2)
  14 centaur warriors
  4 dancing weapons
  2 death yaks (Lair:3)
  6 spriggan air magi
  3 radroaches
  7 merfolk aquamancers
  3 tengu warriors
  4 deep troll shamans
  4 satyrs
  A deep troll earth mage (Depths:2)
  A two-headed ogre (shapeshifter) (Vaults:4)
  7 spriggan berserkers
  6 hell knights
  4 orc high priests (Orc:2)
  12 vampire magi
  A storm dragon zombie (Crypt:1)
  9 spriggans
  2 soul eaters (Crypt:2)
  5 iron trolls
  3 shadow wraiths
  44 skeletal warriors
  42 deep trolls
  A bunyip zombie (Crypt:3)
  A ghost moth zombie (Crypt:2)
  2 pharaoh ants
  An orange crystal statue (WizLab)
  2 sun moths (Spider:4)
  9 sea snakes
  An anaconda zombie (Crypt:3)
  4 orb spiders
  A swamp dragon (shapeshifter) (Vaults:4)
  3 flayed ghosts
  4 lindwurms
  9 steelbarb worms
  A bog body (Crypt:2)
  27 phantasmal warriors
  An orc knight (Orc:2)
  7 glowing orange brains
  19 ironbound convokers
  A swamp dragon (Lair:5)
  6 wizards
  33 harpies
  A goliath frog zombie (Crypt:2)
  A shadow dragon zombie (Depths:1)
  3 necromancers
  7 cyclopes
  6 orc sorcerers
  A sphinx zombie (Crypt:3)
  A stone giant zombie (Crypt:3)
  A golden dragon skeleton (Depths:1)
  58 ugly things
  13 wolf spiders
  A shadow dragon skeleton (Vaults:2)
  20 fauns
  2 ice statues (IceCv)
  18 slime creatures
  12 black mambas
  2 stone giant skeletons (Vaults:2)
  6 human skeletons
  9 merfolk sirens
  19 manticores
  22 moths of wrath
  6 water nymphs
  6 elephants (Lair:3)
  A guardian serpent (Lair:5)
  33 vault sentinels
  Joseph (D:7)
  5 demonic crawlers
  A frost giant skeleton (Vaults:2)
  2 torpor snails (shapeshifter)
  10 cane toads
  9 torpor snails
  6 eyes of devastation (WizLab)
  An eye of devastation (shapeshifter) (D:13)
  A yellow draconian zombie (Crypt:1)
  A red draconian zombie (Crypt:2)
  13 rime drakes
  6 komodo dragons
  An orb spider zombie (Crypt:3)
  5 tengu conjurers
  10 freezing wraiths
  19 yaktaurs
  A yaktaur skeleton (Vaults:2)
  A polar bear (Lair:2)
  A meliai (shapeshifter) (Vaults:5)
  A grey draconian skeleton (Crypt:2)
  12 meliai
  34 merfolk
  11 trolls
  2 tyrant leeches (shapeshifter)
  15 wind drakes
  Prince Ribbit (D:7)
  23 tarantellas
  15 blink frogs
  An ettin zombie (Crypt:3)
  2 raiju (shapeshifter)
  14 hornets
  20 snapping turtles
  2 dream sheep (Lair:5)
  A guardian serpent skeleton (Crypt:1)
  A snapping turtle (shapeshifter) (Vaults:2)
  A stone giant simulacrum (Depths:1)
  37 jumping spiders
  An ettin skeleton (Vaults:2)
  26 culicivoras
  Sigmund (D:6)
  28 flying skulls
  4 shadows
  44 yaks
  A ynoxinul (Gauntlet)
  A spriggan skeleton (Depths:1)
  Eustachio (D:5)
  21 water elementals
  20 wraiths
  3 golden eyes (WizLab)
  14 wyverns
  11 basilisks
  A golden eye (shapeshifter) (Vaults:5)
  Grum (D:8)
  44 redbacks
  A death yak simulacrum (Lair:2)
  11 vampire mosquitoes
  4 steam dragons
  5 wargs
  Edmund (D:5)
  A skyshark zombie (Crypt:1)
  Menkaure (D:7)
  A swamp worm (shapeshifter) (D:15)
  23 water moccasins
  A deep troll zombie (Crypt:2)
  2 acid dragons
  An ogre skeleton (Vaults:2)
  Duvessa (D:5)
  2 swamp drakes (Lair:5)
  4 black bears
  31 orc warriors
  A sky beast (shapeshifter) (D:13)
  A black mamba simulacrum (Lair:2)
  5 boggarts (D:14)
  14 centaurs
  18 wolves
  5 ogres
  6 starcursed masses (WizLab)
  A blink frog skeleton (Crypt:1)
  A dream sheep skeleton (Crypt:1)
  3 phantoms
  7 bullfrogs
  4 necrophages
  2 gnoll sergeants (D:6)
  A kobold brigand (D:10)
  2 scorpions
  A cyclops zombie (Crypt:2)
  7 wights
  Dowan (D:5)
  2 lindwurm simulacra (IceCv)
  11 killer bees
  2 electric eels (D:11)
  5 howler monkeys
  8 komodo dragon simulacra
  A human zombie (Crypt:1)
  2 jellies
  15 orc priests
  A centaur skeleton (Crypt:3)
  4 hounds
  2 water moccasin simulacra (Lair:2)
  3 iron imps (Gauntlet)
  Crazy Yiuf (D:5)
  2 bullfrog skeletons (Crypt:3)
  2 gnoll boudas
  6 iguanas
  22 orc wizards
  4 hell rats (Lair:2)
  A killer bee zombie (Crypt:2)
  3 naga zombies
  A basilisk simulacrum (Lair:2)
  14 mummies
  7 acid dragon simulacra (IceCv)
  3 adders
  29 gnolls
  A shadow imp (D:8)
  12 white imps (D:12)
  2 ufetubi
  5 steam dragon simulacra (IceCv)
  A worm (D:2)
  6 dart slugs
  75 orcs
  4 bats
  8 endoplasms
  2 giant cockroaches
  3 gnoll zombies (Ossuary)
  11 goblins
  5 hobgoblins
  8 jackals
  9 kobolds
  3 quokkas
  6 ball pythons
  4 frilled lizards
  4 hobgoblin zombies
  2 orc zombies (Ossuary)
  3 rats
  A bush (Lair:2)
  A demonic plant (WizLab)
  A fungus (Orc:2)
  A plant (Shoals:4)
  3 starspawn tentacles (WizLab)
  4 tentacles (Shoals:1)
2176 creatures vanquished.

Vanquished Creatures (others)
  An ancient lich (Vaults:4)
  A red draconian (Zot:4)
  A merfolk aquamancer (Shoals:1)
  A vampire mage (Depths:3)
  A basilisk (Lair:5)
  6 demonic plants
  72 fungi
  217 plants
  31 spectral weapons
  15 starspawn tentacles (WizLab)
  4 tentacles (Shoals:1)
  12 withered plants (D:14)
362 creatures vanquished.

Grand Total: 2538 creatures vanquished

Notes
Turn   | Place    | Note
-------+----------+-------------------------------------------
     0 | D:1      | Irreverend the Minotaur Fighter began the quest for the
                  | Orb.
     0 | D:1      | Reached XP level 1. HP: 19/19 MP: 0/0
    47 | D:1      | Reached skill level 4 in Fighting
    50 | D:1      | Reached XP level 2. HP: 26/27 MP: 1/1
   331 | D:1      | Reached XP level 3. HP: 34/34 MP: 2/2
   499 | D:2      | Noticed a phantom
   515 | D:2      | Killed a phantom
   516 | D:2      | Reached skill level 5 in Fighting
   516 | D:2      | Reached XP level 4. HP: 24/42 MP: 3/3
   930 | D:2      | Found an opulent altar of Gozag.
  1032 | D:3      | Reached XP level 5. HP: 41/48 MP: 4/4
  1147 | D:3      | Found an iron altar of Okawaru.
  1986 | D:4      | Reached skill level 5 in Axes
  2075 | D:4      | Noticed an ogre
  2081 | D:4      | Killed an ogre
  2082 | D:4      | Reached skill level 6 in Fighting
  2089 | D:4      | Noticed a black bear
  2094 | D:4      | Killed a black bear
  2095 | D:4      | Reached XP level 6. HP: 50/58 MP: 5/5
  2335 | D:4      | Found Alegatt's Assorted Antiques.
  2376 | D:4      | Reached skill level 7 in Fighting
  2755 | D:4      | Reached XP level 7. HP: 62/66 MP: 6/6
  2973 | D:5      | Entered Level 5 of the Dungeon
  3129 | D:5      | Noticed Eustachio
  3138 | D:5      | Killed Eustachio
  3139 | D:5      | Reached skill level 8 in Fighting
  3162 | D:5      | Found a staircase to the Ecumenical Temple.
  3166 | D:5      | Noticed Edmund
  3181 | D:5      | Killed Edmund
  3301 | Temple   | Entered the Ecumenical Temple
  3301 | Temple   | Found a transporter.
  3301 | Temple   | Found a transporter.
  3303 | Temple   | Found a transporter.
  3303 | Temple   | Found a transporter.
  3453 | D:5      | Reached XP level 8. HP: 67/75 MP: 7/7
  3624 | D:5      | Reached skill level 9 in Fighting
  3644 | D:5      | Found Giuda's Jewellery Shop.
  3668 | D:5      | Noticed Duvessa
  3669 | D:5      | Noticed Dowan
  3678 | D:5      | Killed Duvessa
  3690 | D:5      | Killed Dowan
  3944 | D:5      | Noticed a two-headed ogre
  3945 | D:5      | Found a burning altar of Makhleb.
  3953 | D:5      | Killed a two-headed ogre
  3954 | D:5      | Reached skill level 10 in Fighting
  3954 | D:5      | Reached skill level 10 in Axes
  4219 | D:5      | Reached XP level 9. HP: 60/86 MP: 8/8
  4609 | D:5      | Found a runed translucent door.
  4610 | D:5      | Noticed Crazy Yiuf
  4615 | D:5      | Killed Crazy Yiuf
  4774 | D:6      | Found a sand-covered staircase.
  4784 | Ossuary  | Entered an ossuary
  5343 | D:6      | Reached skill level 11 in Fighting
  5675 | D:6      | HP: 3/88 [wight/+5 scimitar (17)]
  5676 | D:6      | HP: 1/88 [gnoll sergeant/+0 spear (2)]
  6238 | D:6      | Noticed Sigmund
  6243 | D:6      | Killed Sigmund
  6365 | D:7      | Reached skill level 12 in Fighting
  6458 | D:7      | Noticed Joseph
  6480 | D:7      | Killed Joseph
  7070 | D:7      | Noticed Prince Ribbit
  7080 | D:7      | Killed Prince Ribbit
  7081 | D:7      | Reached XP level 10. HP: 93/100 MP: 9/9
  7130 | D:7      | Noticed Menkaure
  7134 | D:7      | Killed Menkaure
  7353 | D:7      | Found Vuecieh's Antique Armour Shoppe.
  7515 | D:7      | Found a runed translucent gate.
  7515 | D:7      | Noticed Heh's ghost (novice OpFi)
  7516 | D:7      | Found a runed translucent gate.
  7543 | D:7      | Identified the +1 chain mail of the Fife {Rampage rPois
                  | Str+5 Int-2}
  7546 | D:7      | Found a runed translucent gate.
  7686 | D:8      | Noticed a two-headed ogre
  7706 | D:8      | Killed a two-headed ogre
  7707 | D:8      | Reached skill level 13 in Fighting
  7801 | D:8      | Found a transporter.
  7802 | D:8      | Noticed a centaur warrior
  7804 | D:8      | Found a transporter.
  7807 | D:8      | Noticed a centaur warrior
  7808 | D:8      | Found an ornate altar of the Wu Jian Council.
  7809 | D:8      | Found a bloodstained altar of Trog.
  7966 | D:8      | Noticed Grum
  7993 | D:8      | Killed Grum
  8208 | D:8      | Found an opulent altar of Gozag.
  8756 | D:8      | Found a staircase to the Lair.
  9237 | D:9      | Noticed an ice statue
  9365 | D:9      | Reached skill level 14 in Fighting
 10316 | D:10     | Entered Level 10 of the Dungeon
 10506 | D:10     | Found a staircase to the Orcish Mines.
 10699 | D:10     | Found a flagged portal.
 10704 | D:10     | Identified the +3 spear "Asaox" {heavy, Dex+3}
 10707 | Bailey   | Entered a bailey
 11897 | D:10     | Reached XP level 11. HP: 99/104 MP: 10/10
 12500 | D:11     | Found a gate leading to a gauntlet.
 12611 | Gauntlet | Entered a Gauntlet
 12611 | Gauntlet | Noticed a shining eye
 12611 | Gauntlet | Found a transporter.
 12611 | Gauntlet | Found a transporter.
 12699 | Gauntlet | Found a transporter.
 12699 | Gauntlet | Found a transporter.
 12720 | Gauntlet | Found a transporter.
 12744 | Gauntlet | Reached skill level 15 in Fighting
 12759 | Gauntlet | Found a transporter.
 12764 | Gauntlet | Found a transporter.
 12764 | Gauntlet | Found a transporter.
 12766 | Gauntlet | Noticed a fire crab
 12768 | Gauntlet | Found a transporter.
 12768 | Gauntlet | Found a transporter.
 12814 | Gauntlet | Identified the +0 hat "Kentiny" {rC+}
 12831 | Gauntlet | Found a transporter.
 12832 | Gauntlet | Found a transporter.
 12841 | Gauntlet | Noticed a death drake
 12871 | Gauntlet | Reached skill level 15 in Axes
 13051 | Gauntlet | Identified the +0 crystal plate armour "Vavvaf" {Rampage
                  | Str+3}
 13051 | Gauntlet | Identified the ring of Meseig {*Slow rN+ Str+5 Dex+6}
 13051 | Gauntlet | Noticed a minotaur
 13131 | Gauntlet | Killed a minotaur
 14280 | Gauntlet | Identified 2 scrolls of acquirement
 14280 | Gauntlet | Acquired a manual of Axes
 14424 | Gauntlet | Reached skill level 10 in Armour
 14424 | Gauntlet | Reached XP level 12. HP: 122/122 MP: 11/11
 14482 | Gauntlet | Acquired the +2 broad axe of Xoclaom {spect, Will+ Int+6
                  | SInv}
 14626 | D:11     | Identified the +1 robe of Poureusk {Harm rPois Int+3 Dex-2}
 14954 | D:12     | Reached skill level 16 in Fighting
 14987 | D:12     | Found a frozen archway.
 15001 | IceCv    | Entered an ice cave
 15339 | IceCv    | Noticed an ice dragon
 15354 | IceCv    | Killed an ice dragon
 15359 | IceCv    | Reached skill level 17 in Fighting
 15744 | IceCv    | Identified the amulet "Weyjifeff" {RegenMP Drain rPois
                  | Will+ Int+7}
 15845 | IceCv    | Identified the +7 ring mail of Tekhlaemous {Int+4}
 15981 | D:12     | Reached XP level 13. HP: 132/133 MP: 12/12
 16435 | D:12     | Identified the +1 leather armour of Theory {rF++ rC++}
 16637 | D:12     | Reached skill level 18 in Fighting
 17040 | Orc:1    | Entered Level 1 of the Orcish Mines
 17294 | Orc:1    | Reached skill level 5 in Shields
 17302 | Orc:1    | Found a runed translucent door.
 17737 | Orc:2    | Entered Level 2 of the Orcish Mines
 17769 | Orc:2    | Noticed an orc warlord
 18008 | Orc:2    | Killed an orc warlord
 18110 | Orc:2    | Found Jeem's Antique Armour Emporium.
 18173 | Orc:2    | Found Noifeet's General Store.
 18275 | Orc:2    | Found a staircase to the Elven Halls.
 18395 | Orc:2    | Found Buutok's Antique Weapon Shop.
 18555 | Orc:1    | Noticed Josephine
 18567 | Orc:1    | Killed Josephine
 18568 | Orc:1    | Reached skill level 19 in Fighting
 19348 | Orc:2    | Found Ceahauf's Jewellery Shoppe.
 19875 | D:3      | Became a worshipper of Warmaster Okawaru
 20280 | Lair:1   | Entered Level 1 of the Lair of Beasts
 20481 | Lair:1   | Reached * piety under Okawaru
 21143 | Lair:2   | Found a runed translucent gate.
 21143 | Lair:2   | Found a runed translucent gate.
 21143 | Lair:2   | Found a runed translucent gate.
 21148 | Lair:2   | Reached XP level 14. HP: 147/147 MP: 13/13
 21154 | Lair:2   | Acquired the +2 pair of gloves of Pathos {rN++ Regen+}
 21234 | Lair:2   | Reached ** piety under Okawaru
 21298 | Lair:2   | Noticed NinjaNoafa's ghost (journeyman GrEE)
 21350 | Lair:2   | Killed NinjaNoafa's ghost
 21351 | Lair:2   | Reached skill level 20 in Fighting
 21980 | Lair:3   | Reached *** piety under Okawaru
 22139 | Lair:3   | Found a hole to the Spider Nest.
 22197 | Lair:3   | You fall into a shaft and drop 2 floors!
 22197 | Lair:5   | Entered Level 5 of the Lair of Beasts
 22340 | Lair:4   | Reached **** piety under Okawaru
 22703 | Lair:4   | Found a viscous altar of Jiyva.
 22704 | Lair:4   | Found a staircase to the Slime Pits.
 24060 | Lair:4   | Reached skill level 21 in Fighting
 24330 | Lair:5   | Reached ***** piety under Okawaru
 24389 | Lair:5   | Reached skill level 10 in Shields
 24585 | Lair:5   | Identified the +5 plate armour of the Heavens {rPois Regen+
                  | Dex+3} (Okawaru gifted it to you on level 5 of the Lair of
                  | Beasts)
 24585 | Lair:5   | Received a gift from Okawaru
 24892 | Lair:5   | Reached XP level 15. HP: 160/160 MP: 14/14
 26081 | D:13     | Found a gate to the Vaults.
 26084 | D:13     | Reached skill level 22 in Fighting
 26875 | D:14     | Identified the +4 broad axe of the Rescuing Gods {pain,
                  | *Slow rPois Str+3} (Okawaru gifted it to you on level 14 of
                  | the Dungeon)
 26875 | D:14     | Received a gift from Okawaru
 27094 | D:14     | Found an ancient bone altar of Kikubaaqudgha.
 27206 | D:14     | Found a basalt altar of Yredelemnul.
 27332 | D:14     | Found a portal to a secret trove of treasure.
 27353 | D:14     | Gained mutation: You are clumsy. (Dex -2) [potion of
                  | mutation]
 27354 | D:14     | Lost mutation: You are clumsy. (Dex -2) [potion of
                  | mutation]
 27354 | D:14     | Gained mutation: You possess an exceptional clarity of
                  | mind. [potion of mutation]
 27354 | D:14     | Gained mutation: You are covered in fur. (AC +1) [potion of
                  | mutation]
 27354 | D:14     | Gained mutation: You are somewhat resistant to further
                  | mutation. [potion of mutation]
 27392 | D:14     | Found a blossoming altar of Fedhas.
 27398 | D:14     | Received a gift from Okawaru
 27566 | D:15     | Entered Level 15 of the Dungeon
 27690 | D:15     | Found a radiant altar of Vehumet.
 27742 | D:15     | Reached skill level 15 in Armour
 28237 | D:15     | Found a staircase to the Depths.
 28798 | Orc:2    | Bought a potion of lignification for 45 gold pieces
 29054 | Spider:1 | Entered Level 1 of the Spider Nest
 29067 | Spider:1 | Reached skill level 23 in Fighting
 29090 | Spider:1 | Gained mutation: You occasionally lose the ability to drink
                  | potions when taking damage. [mutagenic glow]
 29303 | Spider:1 | Identified the +1 pair of boots "Xyzumif" {-Tele Fly rPois
                  | Str+4} (Okawaru gifted it to you on level 1 of the Spider
                  | Nest)
 29303 | Spider:1 | Received a gift from Okawaru
 29308 | Spider:1 | Reached XP level 16. HP: 143/172 MP: 15/15
 29331 | Spider:1 | Upgraded the game from 0.30-a0-719-gcc4359ea44 to
                  | 0.30-a0-722-g3e6e8c874d
 30474 | Spider:2 | Identified the +10 war axe of Instant Death {freeze, Fly}
 30481 | Spider:2 | Reached skill level 1 in Invocations
 30669 | Spider:2 | Reached ****** piety under Okawaru
 31452 | Spider:2 | Noticed Nikola
 31469 | Spider:2 | Killed Nikola
 32191 | Spider:3 | Reached skill level 5 in Invocations
 32335 | Spider:3 | Noticed Donald
 32348 | Spider:3 | Killed Donald
 32348 | Spider:3 | Identified the -1 cloak of Skepticism {Will+} (Okawaru
                  | gifted it to you on level 3 of the Spider Nest)
 32348 | Spider:3 | Received a gift from Okawaru
 32656 | Spider:3 | Noticed Louise
 32665 | Spider:3 | Killed Louise
 32689 | Spider:3 | Noticed Jorgrun
 32698 | Spider:3 | Killed Jorgrun
 33018 | Spider:4 | Entered Level 4 of the Spider Nest
 33370 | Spider:4 | Reached XP level 17. HP: 131/180 MP: 21/21
 33484 | Spider:4 | Got a gossamer rune of Zot
 34547 | Lair:3   | Received a gift from Okawaru
 34749 | Lair:3   | Found a staircase to the Shoals.
 35048 | Shoals:1 | Entered Level 1 of the Shoals
 35081 | Shoals:1 | Bought a +0 tower shield of protection for 207 gold pieces
 35175 | Shoals:1 | Noticed a kraken
 35189 | Shoals:1 | Killed a kraken
 35292 | Shoals:1 | Identified the +9 battleaxe "Pycenk" {distort, *Corrode
                  | Dex+3 Stlth+} (Okawaru gifted it to you on level 1 of the
                  | Shoals)
 35292 | Shoals:1 | Received a gift from Okawaru
 35965 | Shoals:2 | Reached skill level 10 in Invocations
 35994 | Shoals:2 | Reached skill level 15 in Shields
 36240 | Shoals:2 | Found Nocog's Self-Improvement Boutique.
 36275 | Shoals:2 | Bought a manual of Throwing for 880 gold pieces
 36447 | Shoals:2 | Identified the +9 scale mail "Ilyhaph" {Str+3 Stlth+}
                  | (Okawaru gifted it to you on level 2 of the Shoals)
 36447 | Shoals:2 | Received a gift from Okawaru
 36804 | Shoals:3 | Found Dakliu's Magic Scroll Emporium.
 36827 | Shoals:3 | Bought a scroll of enchant armour for 150 gold pieces
 36827 | Shoals:3 | Bought a scroll of blinking for 150 gold pieces
 37120 | Arena    | Entered the Arena
 37690 | Shoals:4 | Entered Level 4 of the Shoals
 37696 | Shoals:4 | Reached XP level 18. HP: 187/189 MP: 25/25
 37799 | Shoals:4 | Identified the +2 halberd of Nown {venom, Dex+3}
 38014 | Shoals:4 | Identified the +1 scale mail of Incorporation {rCorr Str+7
                  | Int-3 Stlth+} (Okawaru gifted it to you on level 4 of the
                  | Shoals)
 38014 | Shoals:4 | Received a gift from Okawaru
 38025 | Shoals:4 | Got a barnacled rune of Zot
 38211 | Shoals:4 | Identified the ring "Xuapty" {rPois rC+ Will+ Slay-6}
 38328 | Shoals:4 | Identified the +5 hand axe of the Vanishing Hells {heavy,
                  | MP+9 Stlth+}
 39075 | Vaults:1 | Entered Level 1 of the Vaults
 39248 | Vaults:1 | Found a magical portal.
 39257 | WizLab   | Entered Lehudib's Moon Base
 39617 | WizLab   | Paralysed by accursed screaming for 2 turns
 39985 | WizLab   | Identified the +5 pair of boots of Context {Str+4 Int+3}
                  | (Okawaru gifted it to you in a wizard's laboratory)
 39985 | WizLab   | Received a gift from Okawaru
 40026 | WizLab   | Found a transporter.
 40106 | WizLab   | Reached XP level 19. HP: 152/195 MP: 28/28
 40151 | WizLab   | Found a transporter.
 40430 | WizLab   | Identified the +5 longbow "Death Rattle" {drain, Int-5
                  | Dex+4}
 40462 | Vaults:1 | Reached skill level 1 in Throwing
 40775 | Vaults:1 | Reached skill level 5 in Throwing
 40852 | Vaults:1 | Identified the +1 hat of the Narrow God {Will- rCorr Str+6
                  | Int+3} (Okawaru gifted it to you on level 1 of the Vaults)
 40852 | Vaults:1 | Received a gift from Okawaru
 42123 | Vaults:2 | Reached skill level 24 in Fighting
 42130 | Vaults:2 | Noticed Mennas
 42132 | Arena    | Entered the Arena
 42151 | Arena    | Killed Mennas
 42279 | Vaults:2 | Found a staircase to the Crypt.
 42605 | Vaults:2 | Received a gift from Okawaru
 42782 | Vaults:2 | Reached XP level 20. HP: 174/207 MP: 25/30
 42997 | Vaults:2 | Reached skill level 10 in Throwing
 43186 | Vaults:2 | Upgraded the game from 0.30-a0-722-g3e6e8c874d to
                  | 0.30-a0-737-gf23d94013f
 43286 | Vaults:3 | Received a gift from Okawaru
 43467 | Vaults:3 | Received a gift from Okawaru
 43683 | Vaults:3 | Received a gift from Okawaru
 44371 | Vaults:3 | Received a gift from Okawaru
 44398 | Vaults:3 | Reached skill level 25 in Fighting
 44666 | Vaults:3 | Received a gift from Okawaru
 44875 | Vaults:3 | You are sucked into a shaft and drop 1 floor!
 45039 | Vaults:4 | Identified the +0 battleaxe of Huel Nai {heavy, rF+ Stlth+}
                  | (Okawaru gifted it to you on level 4 of the Vaults)
 45039 | Vaults:4 | Received a gift from Okawaru
 45142 | Vaults:4 | Found a flickering gateway to a bazaar.
 45150 | Bazaar   | Entered a bazaar
 45152 | Bazaar   | Found Gub Wenk's Jewellery Boutique.
 45156 | Bazaar   | Found Fadwoj's General Store.
 45156 | Bazaar   | Found Kukaepik's General Store.
 45156 | Bazaar   | Found Yfum's Antique Armour Boutique.
 45168 | Bazaar   | Bought a potion of lignification for 45 gold pieces
 45168 | Bazaar   | Bought a scroll of blinking for 112 gold pieces
 45168 | Bazaar   | Bought a potion of heal wounds for 75 gold pieces
 45207 | Bazaar   | Bought a +6 ring of strength for 288 gold pieces
 45207 | Bazaar   | Bought a +6 ring of dexterity for 288 gold pieces
 45428 | Vaults:4 | Found a huge runed gate.
 45428 | Vaults:4 | Found a huge runed gate.
 45428 | Vaults:4 | Found a huge runed gate.
 45428 | Vaults:4 | Found a huge runed gate.
 45428 | Vaults:4 | Found a huge runed gate.
 45428 | Vaults:4 | Found a huge runed gate.
 45429 | Vaults:4 | Found a huge runed gate.
 45429 | Vaults:4 | Found a huge runed gate.
 45429 | Vaults:4 | Found a huge runed gate.
 45429 | Vaults:4 | Found a huge runed gate.
 45429 | Vaults:4 | Found a huge runed gate.
 45430 | Vaults:4 | Found a huge runed gate.
 45431 | Vaults:4 | Found a huge runed gate.
 45432 | Vaults:4 | Found a huge runed gate.
 45433 | Vaults:4 | Found a huge runed gate.
 45434 | Vaults:4 | Found a huge runed gate.
 45451 | Vaults:4 | Noticed an ancient lich
 45454 | Arena    | Entered the Arena
 45503 | Vaults:4 | Killed an ancient lich
 46519 | Vaults:4 | Received a gift from Okawaru
 46548 | Vaults:4 | Reached XP level 21. HP: 149/220 MP: 31/31
 46661 | Vaults:4 | Received a gift from Okawaru
 47187 | Vaults:5 | Entered Level 5 of the Vaults
 47333 | Vaults:4 | Received a gift from Okawaru
 48229 | Vaults:4 | Reached skill level 26 in Fighting
 49010 | Vaults:5 | Noticed a dread lich
 49152 | Vaults:5 | Noticed Xtahua
 49163 | Vaults:5 | Killed Xtahua
 49234 | Vaults:5 | Identified the ring of Helyfemu {Fire Dex+3}
 49238 | Vaults:5 | Noticed a golden dragon
 49259 | Vaults:5 | Killed a golden dragon
 49266 | Vaults:5 | Received a gift from Okawaru
 49442 | Vaults:5 | Noticed Frederick
 49491 | Vaults:5 | Killed Frederick
 49541 | Vaults:5 | Received a gift from Okawaru
 49551 | Vaults:5 | Identified the +5 morningstar "Ciciylae" {flame, rElec
                  | rPois Int+3}
 49567 | Vaults:5 | Killed a dread lich
 49567 | Vaults:5 | Received a gift from Okawaru
 49591 | Vaults:5 | Reached skill level 27 in Fighting
 49592 | Vaults:5 | Reached XP level 22. HP: 80/233 MP: 32/32
 49592 | Vaults:5 | Received a gift from Okawaru
 49733 | Vaults:5 | Identified the +0 scale mail "Puqeisok" {Harm rF+ rN++
                  | Int+3}
 49873 | Vaults:5 | Got a silver rune of Zot
 49908 | Vaults:5 | Identified the +3 glaive of a ziggurat {holy, rCorr Int+3}
 50272 | Vaults:5 | Noticed a golden dragon
 50279 | Vaults:5 | Killed a golden dragon
 50359 | Vaults:5 | Identified the +1 robe of Elel {Int+3}
 50384 | Vaults:5 | Upgraded the game from 0.30-a0-737-gf23d94013f to
                  | 0.31-a0-8-gd14b0f4ee2
 50438 | Vaults:5 | Acquired 573 gold pieces
 50503 | Vaults:5 | Identified the ring "Gopnierego" {rPois Will+}
 50724 | Vaults:5 | Got the Incunabulum of Bones
 50768 | Vaults:5 | Got Zilet's Guidebook on Geological Haze
 51573 | Crypt:1  | Entered Level 1 of the Crypt
 51616 | Crypt:1  | Reached skill level 15 in Throwing
 51619 | Crypt:1  | Identified the +3 animal skin of the Barracuda {Str+3}
                  | (Okawaru gifted it to you on level 1 of the Crypt)
 51619 | Crypt:1  | Received a gift from Okawaru
 53086 | Crypt:3  | Entered Level 3 of the Crypt
 53242 | Crypt:3  | Found a staircase to the Tomb.
 53477 | Crypt:3  | Received a gift from Okawaru
 53512 | Crypt:3  | Received a gift from Okawaru
 53562 | Crypt:3  | Found an ancient bone altar of Kikubaaqudgha.
 53668 | Crypt:3  | Identified the +2 robe of Jiytior {+Inv rElec Str-5 Int+6}
                  | (Okawaru gifted it to you on level 3 of the Crypt)
 53668 | Crypt:3  | Received a gift from Okawaru
 53777 | Crypt:3  | Noticed Jory
 53792 | Crypt:3  | Killed Jory
 53824 | Crypt:3  | Identified the staff of conjuration "Zoal Kadgh" {rF-
                  | Will+++ Str+4}
 53839 | Crypt:3  | Got the Collected Works on Skeletons
 53842 | Crypt:3  | Identified the +8 morningstar of Mayhem {heavy, *Noise
                  | rC+++ Will+ Stlth+}
 53849 | Crypt:3  | Identified the staff of cold "Rajuost" {*Slow rElec rC+
                  | Str+4 Dex+4}
 53851 | Crypt:3  | Identified the staff of poison "Zeaf" {rElec rPois rF+ rN+}
 53944 | Crypt:3  | Reached XP level 23. HP: 240/240 MP: 33/33
 54235 | Crypt:3  | Upgraded the game from 0.31-a0-8-gd14b0f4ee2 to
                  | 0.31-a0-14-gc80a10f4b6
 54570 | Depths:1 | Entered Level 1 of the Depths
 54586 | Depths:1 | Found a white marble altar of Elyvilon.
 54862 | Depths:1 | Found a one-way gate to the infinite horrors of the Abyss.
 55009 | Depths:1 | Found a one-way gateway to a ziggurat.
 55381 | Depths:1 | Found a gateway to Hell.
 55465 | Depths:1 | Found a one-way gate leading to the halls of Pandemonium.
 55721 | Depths:2 | Noticed Saint Roka
 55734 | Depths:2 | Killed Saint Roka
 55764 | Depths:2 | Found Yleitysa's Distillery.
 55764 | Depths:2 | Noticed Aizul
 55777 | Depths:2 | Killed Aizul
 55849 | Depths:2 | Noticed Sojobo
 55863 | Depths:2 | Received a gift from Okawaru
 55864 | Depths:2 | Paralysed by an air elemental for 1 turns
 55872 | Depths:2 | Killed Sojobo
 56547 | Depths:2 | Found an opulent altar of Gozag.
 57178 | Depths:3 | Noticed a caustic shrike
 57191 | Depths:3 | Killed a caustic shrike
 57211 | Depths:3 | Noticed a caustic shrike
 57234 | Depths:3 | Killed a caustic shrike
 57242 | Depths:3 | Received a gift from Okawaru
 57519 | Depths:4 | Entered Level 4 of the Depths
 57589 | Depths:4 | Reached XP level 24. HP: 205/249 MP: 33/33
 57674 | Depths:4 | Found Komutea's Jewellery Boutique.
 57675 | Depths:4 | Found Pungal's Book Emporium.
 57676 | Depths:4 | Found Hitzit's Jewellery Boutique.
 57685 | Depths:4 | Bought a manual of Polearms for 1520 gold pieces
 57687 | Depths:4 | Bought the ring "Tesarel" {AC+4 Slay+2} for 1130 gold
                  | pieces
 58522 | Depths:4 | Found a gate to the Realm of Zot.
 59050 | Zot:1    | Entered Level 1 of the Realm of Zot
 59059 | Zot:1    | Noticed Parghit
 59072 | Zot:1    | Killed Parghit
 59305 | Zot:1    | Found the +4 dragonskin cloak
 59305 | Zot:1    | Noticed Tiamat
 59331 | Zot:1    | HP: 12/249 [Tiamat/+2 bardiche of venom (30)]
 59506 | Zot:1    | Killed Tiamat
 59769 | Zot:1    | Found a hide-covered altar of Uskayaw.
 60090 | Zot:1    | Found a shimmering blue altar of Sif Muna.
 60279 | Zot:1    | You fall into a shaft and drop 1 floor!
 60363 | Zot:2    | Received a gift from Okawaru
 60469 | Zot:2    | Found a transporter.
 60475 | Zot:2    | Found a transporter.
 60509 | Zot:2    | Found a transporter.
 60774 | Zot:2    | Received a gift from Okawaru
 61232 | Zot:2    | Found a transporter.
 61795 | Zot:3    | Reached XP level 25. HP: 128/257 MP: 33/33
 62285 | Zot:4    | Received a gift from Okawaru
 62634 | Zot:4    | Received a gift from Okawaru
 63200 | Zot:5    | Entered Level 5 of the Realm of Zot
 63709 | Zot:5    | Received a gift from Okawaru
 64354 | Zot:5    | Received a gift from Okawaru
 64359 | Zot:5    | Noticed an ancient lich
 64363 | Zot:5    | Killed an ancient lich
 64373 | Zot:5    | Noticed an orb of fire
 64373 | Zot:5    | Noticed an ancient lich
 64377 | Zot:5    | Killed an ancient lich
 64377 | Zot:5    | Noticed an orb of fire
 64382 | Zot:5    | Noticed a Killer Klown
 64382 | Zot:5    | Gained mutation: Armour fits poorly on your strangely
                  | shaped body. [an orb of fire]
 64388 | Zot:5    | Noticed a Killer Klown
 64388 | Zot:5    | Noticed an orb of fire
 64393 | Zot:5    | Killed an orb of fire
 64398 | Zot:5    | Received a gift from Okawaru
 64425 | Zot:5    | Gained mutation: Potions are less effective at restoring
                  | your health. [an orb of fire]
 64456 | Zot:5    | Lost mutation: You possess an exceptional clarity of mind.
                  | [an orb of fire]
 64463 | Zot:4    | Killed from afar by an orb of fire

Illustrated notes

Levels and vault maps discovered:
D:1:      heliophobic_arrival_battle_scene, layout_rooms,
          hangedman_feature_mirror, kennysheep_another_room
D:2:      layout_rooms, basic_altar
D:3:      layout_loops_ring, mainiacjoe_overflow_chevrons, serial_bayou,
          serial_bayou_shore_a, serial_bayou_shore_b, serial_bayou_pond_e,
          serial_bayou_pond_a, chequers_big_river
D:4:      layout_basic, serial_shops, kennysheep_little_box, kennysheep_path_1
D:5:      kennysheep_steamy, layout_loops_ring, bloody_makhleb,
          minmay_temple_entry_arrows, serial_shops,
          nicolae_shop_temple_entry_statues_fountains, serial_bayou_pond_e,
          uniq_eustachio, uniq_edmund, uniq_crazy_yiuf_cottage, uniq_duvessa
D:6:      layout_loops_cross, chequers_ossuary_entry_cave, uniq_sigmund
D:7:      layout_loops_ring, biasface_ghost_orc_armoury, serial_shops, shop,
          uniq_prince_ribbit1, uniq_joseph, uniq_menkaure
D:8:      layout_basic, overflow_temple_1_default,
          gammafunk_temple_overflow_arena, grunt_lair_entry_orc_guard_hut,
          uniq_grum
D:9:      layout_irregular_city, minivault_16
D:10:     minmay_flawed_box, layout_basic, enter_bailey_2
D:11:     nicolae_whirlpool, layout_basic, gauntlet_entry_generic
D:12:     layout_roguey, serial_corexii_hall, chequers_hall_statues_wall_a,
          corexii_hall_statues_t, portal_ice_cave_entry_imps
D:13:     layout_loops_cross, erik_vaults_1, minivault_26
D:14:     layout_roguey, kiku_gazebo_garden_becter, nicolae_trove_entry_crystal,
          hangedman_feature_mirror
D:15:     grunt_enter_depths_hoard, layout_grid_maze, vehumet_crystals
Temple:   hellmonk_temple_divided_pantheon
Lair:1:   layout_chaotic_city, chequers_serial_rivers_small_a
Lair:2:   layout_roguey, gammafunk_ghost_icy, infiniplex_staircase_pool,
          grunt_megastairs_4, lemuel_fruit_fields
Lair:3:   layout_roguey, minmay_shoals_entry_beasts,
          hellmonk_spider_entry_life_and_decay, grunt_megastairs_5
Lair:4:   layout_layer_cave, slime_entry_1, wad_woods_road_01
Lair:5:   hangedman_lair_tendril_chambers, layout_cave_shapes,
          guppyfry_lair_end_dragon
Shoals:1: layout_shoals, minmay_shop_mass, nicolae_shoals_water_elemental_grotto
Shoals:2: nzn_motion_control, layout_shoals, nicolae_shop_self_help
Shoals:3: layout_shoals, serial_shops, nicolae_shop_statue_plus
Shoals:4: shoals_end_simple, layout_shoals
Spider:1: layout_spider_delve, drop_trap, hellmonk_test_site,
          hangedman_spider_tarantella_strand
Spider:2: layout_spider_delve, uniq_nikola
Spider:3: layout_spider_delve, uniq_louise, uniq_jorgrun, uniq_donald
Spider:4: grunt_spider_rune_parallel
Orc:1:    layout_caves, lightli_church_of_beogh, uniq_josephine
Orc:2:    grunt_orc_gardens, layout_caves, grunt_orc_garden, grunt_orc_garden,
          grunt_orc_garden, grunt_orc_garden
Vaults:1: mu_enter_wizlab_4, nicolae_vaults_disjoint_gnomons,
          ontoclasm_vaults_bender, vaults_standard_mumra_x,
          ontoclasm_vaults_idyll, vaults_room_ringed_pool,
          nicolae_vaults_little_squares_3, vaults_room_corners,
          layout_vaults_omnigrid
Vaults:2: minmay_crypt_entry_skeletal_spiral, hangedman_vaults_nails,
          ontoclasm_vaults_loading_screen, hangedman_vaults_stretched_pinwheel,
          vaults_room_grid, v_misc_29, st_smaller_cells,
          nicolae_vaults_angled_halls, v_rooms_6, v_misc_12,
          vaults_room_stairs_pillars, nicolae_vaults_puzzle_piece, v_misc_19,
          dpeg_vaults_monster_box, grunt_vaults_hallway_short,
          layout_vaults_omnicross, uniq_mennas
Vaults:3: nicolae_vaults_hallways_thing, v_misc_2, nicolae_vaults_alarming,
          v_pattern_3, nicolae_vaults_rhombus_7, hangedman_vaults_cutoff,
          vaults_mumra_hexcomb, vaults_mumra_hex, grunt_vaults_hallway_long,
          vaults_room_hallway, vaults_room_pool, layout_vaults_chaotic_city
Vaults:4: dpeg_vaults_monster_row, nicolae_vaults_twisting_passages, door_vault,
          v_misc_10, vaults_room_door_ring, nicolae_vaults_little_squares_6,
          hangedman_vaults_hat, ontoclasm_vaults_twist, v_rooms_2,
          vaults_dpeg_ring, hangedman_vaults_pinch, ontoclasm_vaults_gateway,
          v_misc_17, nicolae_vaults_rhombus_6,
          nicolae_vaults_diagonal_hallway_9, layout_vaults_maze, serial_shops,
          bzr_entry_islet
Vaults:5: serial_shops, uniq_frederick, uniq_xtahua
Crypt:1:  layout_rooms, grunt_crypt_arrival_guarded_gate, grunt_megastairs_1
Crypt:2:  layout_regular_city, nicolae_crypt_ancient_font
Crypt:3:  church_of_pain_bobbens, layout_chaotic_city, glass_columns_c,
          uniq_josephina
Depths:1: layout_gridville, enter_ziggurat_a, abyss_entry_small_statue_room,
          rand_demon_pan_entry_9, chequers_serial_rivers_small_3,
          pf_hell_entry_tar_spiral, elyvilon_altar_1
Depths:2: nicolae_cairo_tiling, layout_basic, pan_entry, serial_shops, shop,
          grunt_hell_entry_dis_grunt, grunt_gozag_statues,
          infiniplex_staircase_pillars_3b, uniq_aizul, uniq_saint_roka,
          uniq_sojobo
Depths:3: minmay_the_grid_triangle_9x9_recursive_3_mashed
          [minmay_the_grid_triangle_9x9_descending_squares,
          minmay_the_grid_triangle_9x9_wacky_v,
          minmay_the_grid_triangle_9x9_flanged_cone,
          minmay_the_grid_triangle_9x9_prize_schism,
          minmay_the_grid_triangle_9x9_swiss_cheese,
          minmay_the_grid_triangle_9x9_checkered,
          minmay_the_grid_triangle_9x9_limited_checkers,
          minmay_the_grid_triangle_9x9_zippers_vertical,
          minmay_the_grid_triangle_9x9_dagger], layout_long_grid, abyss_entry,
          minmay_misc_feat_tiny, hell_entry
Depths:4: evilmike_zot_entry_hall, layout_cave_shapes, minmay_misc_feat_pillars,
          hell_entry, kennysheep_flooded_box, grunt_megastairs_3,
          minmay_shop_grove, infiniplex_staircase_pool_lava
Zot:1:    layout_onion_interference, bh_zot_ikea_curve,
          hangedman_feature_mirror, st_stairs_3, grunt_megastairs_2,
          uniq_parghit, uniq_tiamat
Zot:2:    layout_basic, nicolae_transporter_intersection
Zot:3:    layout_misc_corridors
Zot:4:    layout_twisted_circle
Zot:5:    layout_cellular_growth, hangedman_zot_diagonal_lockstep

Skill      XL: |  1  2  3  4  5  6  7  8  9 10 11 12 13 14 15 16 17 18 19 20 21 22 23 24 25 |
---------------+----------------------------------------------------------------------------+-----
Fighting       | 4 5 6 7 8 10 12 14 15 17 19 21 23 24 25 27 | 27.0
Axes           | 3 4 6 8 10 12 14 15 16 18 19 20 | 20.8
Armour         | 10 12 14 15 16 18 19 20 21 23 24 26 | 26.8
Shields        | 7 10 12 14 15 17 18 19 20 21 23 24 25 | 25.5
Invocations    | 7 11 14 | 14.8
Throwing       | 9 13 14 16 18 19 20 | 20.2

Action                     |  1- 3 |  4- 6 |  7- 9 | 10-12 | 13-15 | 16-18 | 19-21 | 22-24 | 25-27 || total
---------------------------+-------+-------+-------+-------+-------+-------+-------+-------+-------++-------
  Melee: War axe           |    54 |   105 |   225 |     4 |       |       |       |       |       ||   388
         Headbutt          |     7 |    15 |    38 |    72 |   216 |   330 |   419 |   514 |    89 ||  1700
         Battleaxe         |       |       |       |   255 |       |       |       |       |       ||   255
         Broad axe         |       |       |       |    84 |   823 |  1004 |  1087 |  1448 |   253 ||  4699
 Invoke: Finesse           |       |       |       |       |     1 |     3 |     9 |    14 |     2 ||    29
         Heroism           |       |       |       |       |       |    10 |    13 |    17 |     3 ||    43
         Duel              |       |       |       |       |       |     1 |     2 |       |       ||     3
  Evoke: Wand              |       |       |       |     1 |     1 |       |       |     5 |       ||     7
         Condenser vane    |       |       |       |       |       |       |     1 |     1 |       ||     2
         Phial of floods   |       |       |       |       |       |       |     2 |       |       ||     2
    Use: Potion            |       |       |     5 |    18 |     8 |    15 |    10 |     3 |     2 ||    61
         Scroll            |       |       |     1 |    16 |     5 |     7 |     7 |     7 |     1 ||    44
   Stab: Distracted        |       |       |       |       |    13 |    18 |    24 |    31 |     4 ||    90
         Petrified         |       |       |       |       |     3 |       |     8 |       |       ||    11
         Petrifying        |       |       |       |       |       |       |     1 |       |       ||     1
 Armour: Scale mail        |    27 |    18 |       |       |       |       |       |       |       ||    45
         Ring mail         |       |    25 |    52 |       |       |       |       |       |       ||    77
         Plate armour      |       |       |       |   101 |   172 |   523 |   379 |   372 |    80 ||  1627
         Crystal plate arm |       |       |       |    27 |   290 |       |       |       |       ||   317
         Skin              |       |       |       |       |       |       |       |    18 |       ||    18
  Dodge: Dodged            |    22 |    42 |   112 |   322 |   229 |   272 |   154 |   152 |    39 ||  1344
  Block: Buckler           |    25 |    18 |    31 |    15 |   258 |    79 |       |       |       ||   426
         Tower shield      |       |       |       |       |       |   819 |   905 |  1070 |   239 ||  3033

Table legend: (Time is in decaauts)
 A = Elapsed time spent in this place.
 B = Non-inter-level travel time spent in this place.
 C = Inter-level travel time spent in this place.
 D = Time resting spent in this place.
 E = Time spent auto-exploring this place.
 F = Levels seen in this place.
 G = Mean time per level.
                   A        B        C        D        E       F      G
               +--------+--------+--------+--------+--------+-----+--------+
         Total |  63462 |  59254 |   4208 |  13505 |  27333 |  57 | 1113.4 |
       Dungeon |  17106 |  15329 |   1777 |   2230 |   9053 |  15 | 1140.4 |
        Temple |    142 |    142 |      0 |      0 |      0 |   1 |  142.0 |
          Lair |   6212 |   5722 |    490 |   1141 |   2828 |   5 | 1242.4 |
        Shoals |   3787 |   3604 |    183 |     75 |   2304 |   4 |  946.8 |
   Spider Nest |   4815 |   4649 |    166 |   1392 |   2081 |   4 | 1203.8 |
  Orcish Mines |   2885 |   2705 |    180 |    843 |    643 |   2 | 1442.5 |
        Vaults |  10867 |  10167 |    700 |   3369 |   3551 |   5 | 2173.4 |
         Crypt |   2645 |   2518 |    127 |     91 |   1493 |   3 |  881.7 |
        Depths |   4276 |   3810 |    466 |    148 |   2748 |   4 | 1069.0 |
           Zot |   5193 |   5078 |    115 |   1186 |   2101 |   5 | 1038.6 |
        Bazaar |    107 |    107 |      0 |      0 |      0 |   1 |  107.0 |
       Ossuary |    414 |    414 |      0 |    220 |     91 |   1 |  414.0 |
        Bailey |    998 |    998 |      0 |    636 |     77 |   1 |  998.0 |
      Ice Cave |    918 |    918 |      0 |    557 |     62 |   1 |  918.0 |
        Wizlab |   1135 |   1135 |      0 |    195 |    242 |   1 | 1135.0 |
      Gauntlet |   1867 |   1867 |      0 |   1409 |     57 |   1 | 1867.0 |
         Arena |     85 |     85 |      0 |     10 |      0 |   3 |   28.3 |
               +--------+--------+--------+--------+--------+-----+--------+

Top non-repeatable levels by time:
Vaults:4: 4221 daAuts
  Lair:4: 2129 daAuts
Gauntlet: 1867 daAuts
Vaults:3: 1788 daAuts
Spider:2: 1714 daAuts
     D:8: 1683 daAuts
     D:5: 1658 daAuts
Vaults:2: 1641 daAuts
Vaults:1: 1639 daAuts
    D:10: 1585 daAuts
Vaults:5: 1576 daAuts
Depths:4: 1485 daAuts
   Zot:4: 1464 daAuts
   Orc:1: 1461 daAuts
   Orc:2: 1424 daAuts
